 Dungeon Crawl Stone Soup version 0.30-a0-578-gdee14c521f (webtiles) character file.

Game seed: 8080869955327792652

176952 drugrobin the Warrior (level 16, -22/141 (143) HPs)
             Began as a Demigod Delver on Jan 1, 2023.
             Blown up by an orb spider (56 damage)
             ... with an orb of destruction
             ... led by a broodmother
             ... on level 4 of the Spider Nest.
             The game lasted 02:28:56 (43573 turns).

drugrobin the Warrior (Demigod Delver)             Turns: 43573, Time: 02:28:57

HP:   -22/141 (143) AC: 14    Str: 26 (27) XL:     16   Next: 97%
MP:   36/37         EV: 23    Int: 26      God:
Gold: 2379          SH:  0    Dex: 18 (20) Spells: 15/39 levels left

rFire   + . .      SeeInvis .    a - +10 spear of Superiority {speed, rN+ Str+3 Dex+3}
rCold   x . .      Faith    .    (no shield)
rNeg    + . .      Spirit   .    W - +0 troll leather armour
rPois   +          Reflect  .    A - +2 hat
rElec   .          Harm     .    r - +0 cloak
rCorr   +          Rampage  .    K - +2 pair of gloves of the Nightingale {Int+2 Dex+3}
Will    +....                    R - +0 pair of boots {Fly}
Stlth   ++++                     (no amulet)
HPRegen 1.23/turn                J - +5 ring of evasion
MPRegen 0.25/turn                H - ring "Hygh" {Fire rPois rCorr Stlth+}

@: flying, slowed, lightly drained, very slow
A: high MP 1, forlorn, divine attributes, antennae 1, clever 1, frail 1
a: no special abilities


You were on level 4 of the Spider Nest.
You visited 5 branches of the dungeon, and saw 27 of its levels.
You also visited: Sewer, Gauntlet, Ice Cave and Volcano.

You collected 2686 gold pieces.
You spent 307 gold pieces at shops.

Inventory:

Hand Weapons
 a - the +10 spear of Superiority (weapon) {speed, rN+ Str+3 Dex+3}
   (You found it on level 7 of the Dungeon)

   Attacks with this weapon are significantly faster.
   Str:       It affects your strength (+3).
   Dex:       It affects your dexterity (+3).
   rN:        It protects you from negative energy.
 b - a +3 halberd of venom
 q - a +2 heavy battleaxe
 x - a +0 demon trident
Missiles
 o - 15 curare-tipped darts
 s - 13 boomerangs (quivered)
Armour
 r - a +0 cloak (worn)
 t - a +1 buckler of cold resistance
 w - a +3 ring mail of fire resistance
 A - a +2 hat (worn)
 K - the +2 pair of gloves of the Nightingale (worn) {Int+2 Dex+3}
   (You found it on level 5 of the Dungeon)

   Int:       It affects your intelligence (+2).
   Dex:       It affects your dexterity (+3).
 R - a +0 pair of boots of flying (worn)
 W - a +0 troll leather armour (worn)
Jewellery
 k - a ring of see invisible
 z - a ring of ice
 F - a ring of resist corrosion
 H - the ring "Hygh" (right hand) {Fire rPois rCorr Stlth+}
   (You found it in a Gauntlet)

   [ring of fire]

   It enhances your fire magic.
   rF:        It protects you from fire.
   rC:        It makes you vulnerable to cold.
   rPois:     It protects you from poison.
   rCorr:     It protects you from acid and corrosion.
   Stlth:     It makes you more stealthy.
 J - a +5 ring of evasion (left hand)
 V - a ring of fire
Wands
 g - a wand of digging (4)
 j - a wand of flame (98)
 n - a wand of roots (7)
 P - a wand of mindburst (33)
 T - a wand of light (1)
 Y - a wand of polymorph (2)
Scrolls
 d - 3 scrolls of fear
 e - a scroll of blinking
 h - 16 scrolls of teleportation
 l - 8 scrolls of vulnerability
 m - 10 scrolls of poison
 y - 3 scrolls of fog
 I - 5 scrolls of immolation
 O - 3 scrolls of summoning
 S - 2 scrolls of enchant weapon
 U - 5 scrolls of magic mapping
 X - 12 scrolls of identify
 Z - a scroll of enchant armour
Potions
 f - 10 potions of haste
 i - 3 potions of resistance
 v - 3 potions of cancellation
 B - a potion of magic
 C - 13 potions of curing
 D - 5 potions of attraction
 E - a potion of mutation
 M - 7 potions of lignification
 N - a potion of invisibility
 Q - 4 potions of might
Miscellaneous
 c - a phantom mirror
 p - a lightning rod (4/4)
 u - a condenser vane
 L - a box of beasts (inert)


   Skills:
 - Level 18.4 Fighting
 + Level 13.9 Polearms
 - Level 10.0 Armour
 - Level 10.0 Dodging
 - Level 4.5 Stealth
 - Level 12.0 Spellcasting
 + Level 3.0 Summonings
 - Level 4.0 Evocations


You had 15 spell levels left.
You knew the following spells:

 Your Spells              Type           Power      Damage    Failure   Level
a - Call Canine Familiar  Summ           31%        N/A       3%          3
b - Swiftness             Air            15%        N/A       12%         3
c - Kindle Blastsparks    Fire/Tloc/Air  46%        2d13      12%         3
d - Stone Arrow           Conj/Erth      30%        3d8       12%         3
e - Summon Ice Beast      Ice/Summ       23%        N/A       22%         4
f - Summon Guardian Gole  Hex/Summ       23%        N/A       7%          3
g - Summon Mana Viper     Hex/Summ       23%        N/A       52%         5

Your spell library contained the following spells:

 Spells                   Type           Power      Damage    Failure   Level
 Summon Small Mammal      Summ           100%       N/A       1%          1
 Foxfire                  Conj/Fire      92%        2x1d8     4%          1
 Sandblast                Erth           30%        2d9       4%          1
 Sting                    Tmut/Pois      60%        1d6       4%          1
 Ensorcelled Hibernation  Hex/Ice        30%        N/A       6%          2
 Passwall                 Tmut/Erth      12%        N/A       6%          2
 Poisonous Vapours        Pois/Air       30%        N/A       6%          2
 Frozen Ramparts          Ice            30%        1d5       12%         3
 Hailstorm                Conj/Ice       15%        3d5       12%         3
 Ignite Poison            Fire/Tmut/Pois 23%        N/A       12%         3
 Tukima's Dance           Hex            15%        N/A       12%         3
 Fulminant Prism          Conj/Hex       7%         3d6       38%         4
 Ice Form                 Ice/Tmut       15%        N/A       38%         4
 Iskenderun's Mystic Bla  Conj/Tloc      15%        2d5       38%         4
 Olgreb's Toxic Radiance  Pois           15%        N/A       38%         4
 Passage of Golubria      Tloc           15%        N/A       38%         4
 Sticky Flame             Conj/Fire      23%        2d4       38%         4
 Summon Forest            Summ/Tloc      11%        N/A       52%         5
 Fireball                 Conj/Fire      11%        3d7       75%         5
 Freezing Cloud           Conj/Ice/Air   7%         6-21      75%         5
 Iskenderun's Battlesphe  Conj           15%        2d7       75%         5
 Lee's Rapid Deconstruct  Erth           7%         3d7*      75%         5
 Yara's Violent Unravell  Hex/Tmut       7%         3d5       75%         5
 Summon Cactus Giant      Summ           15%        N/A       88%         6
 Conjure Ball Lightning   Conj/Air       7%         3x3d6     99%         6
 Iron Shot                Conj/Erth      7%         9d2       99%         6
 Simulacrum               Ice/Necr       7%         N/A       99%         6
 Starburst                Conj/Fire      11%        6d5       99%         6
 Orb of Destruction       Conj           7%         9d6       100%        7


Dungeon Overview and Level Annotations

Branches:
Dungeon (15/15)            Temple (0/1) D:7            Lair (5/5) D:9
 Shoals (1/4) Lair:3       Spider (4/4) Lair:2        Slime (0/5) Lair:5
    Orc (2/2) D:9             Elf (0/3) Orc:2        Vaults (0/5) D:13
 Depths (0/4) D:15          Sewer (visited)           IceCv (visited)
Volcano (visited)         Gauntlet (visited)

Shops:
D:6 [   D:8 (   Orc:2 (:[*

Annotations:
Shoals:1 Mlioglotl
Spider:1 1 exclusion
Orc:2 1 runed translucent door, billz999's ghost, journeyman DjIE


Innate Abilities, Weirdness & Mutations

You have an increased reservoir of magic. (+10% MP)
You shall have no god before yourself.
Your divine heritage dramatically boosts your attributes as you level up.
You have a pair of small antennae on your head.
Your mind is acute. (Int +4, Str/Dex -1)
You are frail. (-10% HP)


Message History

Unknown command.
Unknown command.
Unknown command.
Unknown command.
Unknown command.
Unknown command.
Unknown command.
The orb of destruction hits you!!!
* * * LOW HITPOINT WARNING * * *
Unknown command.
Unknown command.
Unknown command.
Unknown command.
The orb spider begins to weave its threads into a brightly glowing ball.
Your magical contamination has completely faded away.
Unknown command.
Unknown command.
Unknown command.
Unknown command.
Unknown command.
Unknown command.
Okay, then.
Throw: 16 darts (curare)
Press: ? - help, Shift-Dir - straight line, f - orb spider
Aim: an orb spider (fully charged, 70% to hit)
You throw a curare-tipped dart.
The curare-tipped dart closely misses the orb spider.
The orb spider weaves a glowing orb of energy.
An orb of destruction comes into view.
Unknown command.
Unknown command.
Unknown command.
Okay, then.
Unknown command.
Blink to where?
Press: ? - help, Dir - move target, p - orb spider
As you read the scroll of blinking, it crumbles to dust.
The orb spider spins a strand of pure energy.
The orb of destruction hits you!!!
You die...

#...##........#.## #....
#†..#.....[......## #...
....^.†...##........^..<# #...
........####...####.##..# #^..
........#..##.##.^###...## #^..
......^##...###...##.....###^..
......##....^##^.....###...†..†
.....##.......#....^## ########
....##.....○○○@.^..##
#(.s°§○.....####
####..○.######## ##.......##
###.........# #....##..^^##
.....###..## .##### #### .#


You could see an orb spider (charged).

Vanquished Creatures
  Rupert (Spider:1)
  Gastronok (Lair:3)
  2 emperor scorpions
  A ghost moth (Spider:4)
  2 orc warlords
  A cacodemon (Gauntlet)
  A dire elephant (D:14)
  A minotaur (Gauntlet)
  3 spark wasps
  A merfolk impaler (Lair:3)
  Josephine (D:14)
  3 entropy weavers (Spider:2)
  5 hydras
  Harold (Lair:2)
  Fannar (Orc:1)
  2 radroaches (Spider:2)
  5 catoblepae
  7 boulder beetles
  3 centaur warriors
  24 death yaks
  3 two-headed ogres
  Urug (Lair:1)
  5 orc high priests (Orc:2)
  A hell knight (Volcano)
  Sonja (D:11)
  Amaemon (D:9)
  A sun demon (Volcano)
  7 pharaoh ants
  6 orb spiders
  A lindwurm (Lair:3)
  Pikel (D:6)
  5 steelbarb worms
  2 orc knights
  4 cyclopes
  3 deep elf pyromancers
  7 ugly things
  2 orc sorcerers (Orc:2)
  7 fauns
  21 wolf spiders
  2 salamanders
  6 manticores
  2 oklob plants (Spider:2)
  4 moths of wrath
  24 elephants
  2 merfolk sirens
  3 ice statues
  14 torpor snails
  2 black mambas
  19 demonic crawlers
  Maggie (D:9)
  6 komodo dragons
  2 unseen horrors
  An orange demon (D:9)
  An efreet (D:14)
  5 rime drakes
  2 kobold demonologists
  A yaktaur (D:15)
  14 cane toads
  A rime drake (shapeshifter) (D:12)
  Psyche (D:9)
  4 red devils (Volcano)
  A merfolk (Shoals:1)
  4 trolls
  12 meliai
  A tyrant leech (shapeshifter) (D:13)
  2 polar bears
  A wind drake (Shoals:1)
  3 hornets (Gauntlet)
  A polar bear (shapeshifter) (D:13)
  Prince Ribbit (D:6)
  17 blink frogs
  41 tarantellas
  2 dream sheep (Lair:1)
  A raiju (shapeshifter) (D:13)
  10 slime creatures
  A snapping turtle (Lair:3)
  23 jumping spiders
  7 shadows
  16 culicivoras
  A ynoxinul (Gauntlet)
  10 wyverns
  8 basilisks
  A spriggan (shapeshifter) (D:13)
  8 wraiths
  63 yaks
  A neqoxec (Gauntlet)
  63 redbacks
  8 vampire mosquitoes
  12 wargs
  3 acid dragons
  17 water moccasins
  37 orc warriors
  A black bear (D:9)
  An ice beast (shapeshifter) (D:14)
  3 ice beasts
  2 sky beasts
  8 ogres
  50 wolves
  4 centaurs
  A phantom (D:6)
  2 lemures (D:6)
  2 kobold brigands (D:14)
  3 nameless horrors
  A cane toad simulacrum (IceCv)
  10 bullfrogs
  A necrophage (D:6)
  2 scorpions (D:5)
  A gnoll sergeant (D:12)
  10 wights
  An elephant simulacrum (IceCv)
  4 howler monkeys
  2 lava snakes (Lair:3)
  10 orc priests
  A hound (D:6)
  7 jellies
  A gnoll bouda (Orc:2)
  3 iron imps (Gauntlet)
  Terence (D:2)
  6 iguanas
  12 orc wizards
  2 polar bear simulacra (IceCv)
  6 hell rats
  15 gnolls
  11 adders
  4 shadow imps
  2 worms
  4 dart slugs
  55 orcs
  8 ball pythons
  16 endoplasms
  9 giant cockroaches
  6 hobgoblins
  3 jackals
  9 quokkas
  13 bats
  12 frilled lizards
  2 goblins
  11 kobolds
  4 rats (D:3)
980 creatures vanquished.

Vanquished Creatures (collateral kills)
  An orb spider (Spider:1)
  A culicivora (Spider:2)
2 creatures vanquished.

Vanquished Creatures (others)
  An entropy weaver (Spider:2)
  2 tarantellas
  A bush (D:4)
  49 fungi
  56 plants
109 creatures vanquished.

Grand Total: 1091 creatures vanquished

Notes
Turn   | Place    | Note
-------+----------+-------------------------------------------
     0 | D:5      | drugrobin the Demigod Delver began the quest for the Orb.
     0 | D:5      | Reached XP level 1. HP: 18/18 MP: 3/3
     2 | D:5      | Noticed a scorpion
   126 | D:3      | Reached XP level 2. HP: 12/25 MP: 4/4
   340 | D:3      | Found a glowing drain.
   344 | Sewer    | Entered a sewer
   499 | Sewer    | Reached XP level 3. HP: 3/30 MP: 5/5
  1096 | Sewer    | Reached XP level 4. HP: 28/37 MP: 6/6
  1164 | Sewer    | Noticed a bullfrog
  1165 | Sewer    | Noticed a bullfrog
  1185 | Sewer    | Killed a bullfrog
  1186 | Sewer    | Reached skill level 3 in Fighting
  1188 | Sewer    | Killed a bullfrog
  1189 | Sewer    | Reached XP level 5. HP: 6/45 MP: 7/7
  1771 | D:2      | Noticed Terence
  1779 | D:2      | Killed Terence
  1780 | D:2      | Reached skill level 5 in Polearms
  3055 | D:2      | Reached XP level 6. HP: 46/52 MP: 8/8
  4764 | D:4      | Reached XP level 7. HP: 56/58 MP: 9/9
  5580 | D:6      | Found Conopt's Armour Emporium.
  5673 | D:6      | Noticed Prince Ribbit
  5698 | D:6      | Killed Prince Ribbit
  5699 | D:6      | Reached XP level 8. HP: 63/66 MP: 10/10
  5852 | D:6      | Noticed Pikel
  5871 | D:6      | Killed Pikel
  5872 | D:6      | Reached skill level 10 in Polearms
  6089 | D:5      | Reached skill level 4 in Fighting
  6216 | D:5      | Identified the +2 pair of gloves of the Nightingale {Int+2
                  | Dex+3}
  6414 | D:5      | Reached skill level 1 in Armour
  6417 | D:5      | Reached skill level 1 in Evocations
  6965 | D:6      | Reached XP level 9. HP: 63/71 MP: 11/11
  7089 | D:6      | Identified the +0 kite shield of Lifac {Harm Slay+3}
  7269 | D:7      | Found a staircase to the Ecumenical Temple.
  7272 | D:7      | Identified the +10 spear of Superiority {speed, rN+ Str+3
                  | Dex+3}
  7490 | D:7      | Reached skill level 5 in Fighting
  8379 | D:8      | Found Xunac's Weapon Emporium.
  8510 | D:8      | Reached skill level 1 in Spellcasting
  9084 | D:9      | Noticed a two-headed ogre
  9110 | D:8      | Killed a two-headed ogre
  9111 | D:8      | Reached XP level 10. HP: 65/83 MP: 13/15
  9196 | D:8      | Reached skill level 6 in Fighting
  9270 | D:9      | Noticed a two-headed ogre
  9280 | D:9      | Killed a two-headed ogre
  9457 | D:9      | Reached skill level 5 in Armour
  9604 | D:9      | Found a staircase to the Lair.
  9606 | D:9      | Noticed an elephant
  9629 | D:9      | Killed an elephant
  9669 | D:9      | Noticed Amaemon
  9697 | D:9      | Killed Amaemon
  9771 | D:9      | Noticed Psyche
  9771 | D:9      | Noticed Maggie
  9780 | D:9      | Killed Psyche
  9781 | D:9      | Reached skill level 7 in Fighting
  9787 | D:9      | Killed Maggie
  9919 | D:9      | Found a staircase to the Orcish Mines.
  9933 | D:9      | Reached XP level 11. HP: 89/92 MP: 20/20
 10141 | D:10     | Entered Level 10 of the Dungeon
 10768 | D:10     | Identified a scroll of acquirement
 10769 | D:10     | Acquired a +3 bardiche of protection
 11207 | D:11     | Noticed Sonja
 11209 | D:11     | Killed Sonja
 11246 | D:11     | Reached skill level 5 in Spellcasting
 11273 | D:11     | Reached skill level 8 in Fighting
 11696 | D:11     | Noticed a two-headed ogre
 11709 | D:11     | Killed a two-headed ogre
 12518 | Lair:1   | Entered Level 1 of the Lair of Beasts
 12854 | Lair:1   | Reached skill level 9 in Fighting
 12932 | Lair:1   | Reached XP level 12. HP: 104/104 MP: 25/25
 13099 | Lair:1   | Learned a level 3 spell: Call Canine Familiar
 13844 | Lair:1   | Noticed Urug
 13906 | Lair:1   | Killed Urug
 13907 | Lair:1   | Reached skill level 5 in Dodging
 14405 | Lair:2   | Noticed Harold
 14430 | Lair:2   | Killed Harold
 14431 | Lair:2   | Reached skill level 10 in Fighting
 14800 | Lair:2   | Found a hole to the Spider Nest.
 15520 | Lair:3   | Noticed Gastronok
 15520 | Lair:3   | Found a staircase to the Shoals.
 15555 | Lair:3   | Found a gate leading to a gauntlet.
 15610 | Gauntlet | Entered a Gauntlet
 15610 | Gauntlet | Found a transporter.
 15640 | Gauntlet | Found a transporter.
 15643 | Gauntlet | Found a transporter.
 15644 | Gauntlet | Found a transporter.
 15652 | Gauntlet | Found a transporter.
 15655 | Gauntlet | Found a transporter.
 15656 | Gauntlet | Found a transporter.
 15668 | Gauntlet | Found a transporter.
 15669 | Gauntlet | Found a transporter.
 15669 | Gauntlet | Found a transporter.
 15672 | Gauntlet | Noticed a cacodemon
 15675 | Gauntlet | Found a runed translucent gate.
 15675 | Gauntlet | Found a runed translucent gate.
 15677 | Gauntlet | Found a runed translucent gate.
 15677 | Gauntlet | Found a transporter.
 15680 | Gauntlet | Found a transporter.
 15681 | Gauntlet | Found a transporter.
 15690 | Gauntlet | Found a transporter.
 16088 | Gauntlet | Reached XP level 13. HP: 115/115 MP: 29/29
 16188 | Gauntlet | Gained mutation: You are vulnerable to cold. (rC-) [a
                  | cacodemon]
 16206 | Gauntlet | Killed a cacodemon
 16206 | Gauntlet | Gained mutation: You occasionally lose the ability to read
                  | scrolls when taking damage. [a neqoxec]
 16207 | Gauntlet | Reached skill level 11 in Fighting
 16398 | Gauntlet | Identified the +5 short sword "Worm's Wrath" {antimagic,
                  | rF+ rC+}
 16398 | Gauntlet | Identified the +0 plate armour "Somibb" {rF+}
 16398 | Gauntlet | Noticed a minotaur
 16413 | Gauntlet | Killed a minotaur
 16478 | Gauntlet | Identified the +6 short sword of Integrity {protect, rC-
                  | Str+6 Dex+4}
 16478 | Gauntlet | Identified the ring "Hygh" {Fire rPois rCorr Stlth+}
 16918 | Lair:3   | Reached skill level 12 in Fighting
 17198 | Lair:2   | Lost mutation: You are vulnerable to cold. (rC-) [potion of
                  | mutation]
 17198 | Lair:2   | Lost mutation: You occasionally lose the ability to read
                  | scrolls when taking damage. [potion of mutation]
 17198 | Lair:2   | Gained mutation: Your mind is acute. (Int +4, Str/Dex -1)
                  | [potion of mutation]
 17198 | Lair:2   | Gained mutation: You have large cloven feet. [potion of
                  | mutation]
 17198 | Lair:2   | Gained mutation: You occasionally lose the ability to read
                  | scrolls when taking damage. [potion of mutation]
 17199 | Lair:2   | Lost mutation: You occasionally lose the ability to read
                  | scrolls when taking damage. [potion of mutation]
 17199 | Lair:2   | Lost mutation: You have large cloven feet. [potion of
                  | mutation]
 17199 | Lair:2   | Gained mutation: You have a pair of small antennae on your
                  | head. [potion of mutation]
 17862 | Lair:3   | Killed Gastronok
 18189 | Lair:3   | Reached skill level 13 in Fighting
 19202 | Lair:4   | Reached skill level 14 in Fighting
 19838 | Lair:5   | Entered Level 5 of the Lair of Beasts
 19979 | Lair:5   | Reached XP level 14. HP: 86/133 MP: 30/30
 20369 | Lair:5   | Learned a level 3 spell: Swiftness
 20373 | Lair:5   | Learned a level 3 spell: Kindle Blastsparks
 20377 | Lair:5   | Learned a level 3 spell: Stone Arrow
 20440 | Lair:5   | Reached skill level 15 in Fighting
 20522 | Lair:5   | Found a staircase to the Slime Pits.
 22718 | Orc:1    | Entered Level 1 of the Orcish Mines
 22799 | Orc:1    | Noticed an orc warlord
 22856 | Orc:1    | Killed an orc warlord
 22908 | Orc:1    | Found a dark tunnel.
 22917 | Volcano  | Entered a volcano
 23449 | Orc:1    | Noticed Fannar
 23491 | Orc:1    | Killed Fannar
 23791 | Orc:2    | Entered Level 2 of the Orcish Mines
 23932 | Orc:2    | Found Dudaph's Book Boutique.
 24006 | Orc:2    | Found Gare's Antique Armour Shop.
 24014 | Orc:2    | Bought a pair of glowing boots for 307 gold pieces
 24033 | Orc:2    | Found a frozen archway.
 24039 | IceCv    | Entered an ice cave
 24077 | IceCv    | Found a transporter.
 24092 | IceCv    | Found a transporter.
 24217 | IceCv    | Reached skill level 10 in Armour
 24217 | IceCv    | Reached skill level 10 in Dodging
 24637 | Orc:2    | Reached XP level 15. HP: 141/141 MP: 33/33
 24642 | Orc:2    | Learned a level 4 spell: Summon Ice Beast
 24676 | Orc:2    | Paralysed by an orc sorcerer for 2 turns
 24787 | Orc:2    | Found Xiukeet's Antique Weapon Shoppe.
 25156 | Orc:2    | Found a staircase to the Elven Halls.
 25206 | Orc:2    | Found Naeppass's General Store.
 25227 | Orc:2    | Found a runed translucent door.
 25279 | Orc:2    | Noticed billz999's ghost (journeyman DjIE)
 26842 | D:13     | Reached skill level 10 in Spellcasting
 27280 | D:13     | Found a gate to the Vaults.
 27677 | D:13     | Reached skill level 16 in Fighting
 29043 | D:14     | Noticed Josephine
 29090 | D:14     | Killed Josephine
 29510 | D:15     | Entered Level 15 of the Dungeon
 30514 | D:15     | Found a staircase to the Depths.
 30825 | Shoals:1 | Entered Level 1 of the Shoals
 31822 | Shoals:1 | Noticed Mlioglotl
 31873 | Spider:1 | Entered Level 1 of the Spider Nest
 32214 | Spider:1 | Noticed Rupert
 32776 | Spider:1 | Reached skill level 17 in Fighting
 32928 | Spider:1 | Identified the +8 morningstar of Exoneration {protect,
                  | Contam Fly rC+}
 33334 | Spider:1 | Learned a level 3 spell: Summon Guardian Golem
 33520 | Spider:2 | Reached XP level 16. HP: 153/155 MP: 30/36
 35603 | Spider:2 | HP: 5/155 [demonic crawler (8)]
 35677 | Spider:2 | HP: 7/155 [demonic crawler (6)]
 36641 | Spider:2 | Got Temacezy's Directory of Energetic Curses
 38037 | Spider:2 | Reached skill level 18 in Fighting
 38040 | Spider:2 | HP: 3/145 [demonic crawler (12)]
 38093 | Spider:2 | HP: 7/145 [demonic crawler (3)]
 39253 | Spider:1 | Paralysed by Rupert for 5 turns
 39264 | Spider:1 | Killed Rupert
 39963 | Spider:2 | Gained mutation: You are frail. (-10% HP) [mutagenic glow]
 40751 | Spider:3 | HP: 2/141 [demonic crawler (16)]
 40779 | Spider:3 | HP: 1/141 [demonic crawler (9)]
 42689 | Spider:4 | Entered Level 4 of the Spider Nest
 42828 | Spider:4 | Reached skill level 1 in Summonings
 43553 | Spider:4 | Learned a level 5 spell: Summon Mana Viper
 43573 | Spider:4 | Blown up by an orb spider

Illustrated notes

Levels and vault maps discovered:
D:1:      dpeg_arrival_long_road, layout_basic
D:2:      layout_basic, dreamdust_ecumenical_altar_grove, uniq_terence
D:3:      layout_basic, portal_sewer_entry_b, st_stairs_13, kennysheep_nub,
          minmay_statues_item, minmay_close_crescents
D:4:      layout_basic, serial_forest, infiniplex_forest_lined_2,
          infiniplex_forest_lined_room_2, infiniplex_forest_end_1,
          infiniplex_forest_clump_tiny, infiniplex_forest_end_2,
          infiniplex_forest_lined_2, infiniplex_forest_lined_corner
D:5:      minmay_evil_eye, layout_basic
D:6:      layout_loops_ring, serial_shops, nicolae_shop_waterfront,
          uniq_prince_ribbit1, uniq_pikel
D:7:      layout_basic, minmay_temple_entry_gardened_gates
D:8:      layout_basic, minmay_door_square, minmay_shop_grid_forest
D:9:      layout_cross, david_lair_generic, minmay_orc_entry_guard_dogs,
          uniq_psyche, uniq_amaemon, uniq_maggie
D:10:     layout_loops_cross, nicolae_overflow_hallway_of_the_gods,
          jiyva_altar_1
D:11:     layout_grid_maze, doesnt_xom_only_xom, uniq_sonja
D:12:     layout_loops_cross, item_on_display_a
D:13:     layout_small_grid, david_vaults_2
D:14:     layout_layer_cave, special_room [special_room_mythical_zoo],
          serial_bayou_pond_e, small_statue_alley_a, minmay_unpleasant_kobolds,
          uniq_josephine
D:15:     hangedman_depths_entry_try_elsewhere_first, layout_gridville,
          fedhas_altar_2
Lair:1:   layout_chaotic_city, basic_altar, chequers_serial_rivers_micro_e,
          chequers_serial_rivers_micro_a, grunt_megastairs_3, uniq_urug
Lair:2:   layout_gridlike, nicolae_spider_entry_tight_spaces, st_stairs_5,
          infiniplex_staircase_pool_2, uniq_harold
Lair:3:   layout_gridlike, elwin_shoals_entry_rocks, gauntlet_entry_generic,
          grunt_megastairs_2, uniq_gastronok
Lair:4:   layout_concentric_octagons, grunt_forest_large_clearings,
          grunt_megastairs_5
Lair:5:   evilmike_catoblepas_cave, layout_loops_ring, slime_entry_1,
          chequers_serial_rivers_micro_b, serial_bayou_shore_b
Shoals:1: layout_shoals, uniq_mlioglotl
Spider:1: layout_chambers, uniq_rupert
Spider:2: spider_temple_joshua, worms_lemuel
Spider:3: layout_chambers
Spider:4: grunt_spider_rune_parallel
Orc:1:    layout_diamond_mine, lightli_volcano_entry_magma_tube, uniq_fannar
Orc:2:    grunt_orc_gardens, layout_diamond_mine, grunt_orc_garden,
          grunt_orc_garden, grunt_orc_garden, grunt_orc_garden,
          portal_ice_cave_entry_pillars_1, ebering_ghost_reflecting_pool,
          nooodl_orcs_dogs

Skill      XL: |  1  2  3  4  5  6  7  8  9 10 11 12 13 14 15 16 |
---------------+-------------------------------------------------+-----
Polearms       | 2 3 4 5 6 9 10 11 12 13 | 13.9
Fighting       | 3 4 5 7 9 10 14 15 17 18 | 18.4
Armour         | 1 4 5 8 10 | 10.0
Evocations     | 1 4 |  4.0
Spellcasting   | 1 4 6 8 9 11 12 | 12.0
Dodging        | 3 7 8 10 | 10.0
Summonings     | 3 |  3.0
Stealth        | |  4.5

Action                   |  1- 3 |  4- 6 |  7- 9 | 10-12 | 13-15 | 16-18 || total
-------------------------+-------+-------+-------+-------+-------+-------++-------
Melee: Spear             |    17 |       |   102 |   951 |  2849 |  1128 ||  5047
       Short sword       |   149 |    46 |       |       |       |       ||   195
       Punch             |     2 |     3 |       |     2 |       |     8 ||    15
       Trident           |       |   221 |    57 |       |       |       ||   278
       Halberd           |       |    47 |   109 |       |       |   504 ||   660
       Whip              |       |       |     3 |       |       |       ||     3
       Demon whip        |       |       |       |    24 |    36 |    55 ||   115
       Demon trident     |       |       |       |       |     6 |    15 ||    21
Throw: Boomerang         |       |    13 |    33 |    14 |    22 |    24 ||   106
       Dart              |       |     4 |     9 |     4 |     7 |     1 ||    25
       Throwing net      |       |       |       |       |     1 |     1 ||     2
 Cast: Call Canine Famil |       |       |       |     1 |    13 |    31 ||    45
       Kindle Blastspark |       |       |       |       |    15 |       ||    15
       Stone Arrow       |       |       |       |       |     3 |     3 ||     6
       Summon Ice Beast  |       |       |       |       |     1 |     7 ||     8
       Summon Guardian G |       |       |       |       |     1 |     5 ||     6
       Swiftness         |       |       |       |       |       |     2 ||     2
Evoke: Wand              |     1 |     1 |     3 |     8 |    16 |     8 ||    37
       Condenser vane    |       |       |       |       |     1 |       ||     1
       Box of beasts     |       |       |       |       |       |     2 ||     2
       Phantom mirror    |       |       |       |       |       |     1 ||     1
  Use: Potion            |     1 |     3 |     1 |       |     4 |    12 ||    21
       Scroll            |     1 |     5 |     4 |     7 |    12 |     6 ||    35
 Stab: Sleeping          |     2 |     6 |     5 |     7 |    10 |     6 ||    36
       Distracted        |       |       |       |     1 |     9 |    13 ||    23
       Confused          |       |       |       |       |    14 |       ||    14
       Petrified         |       |       |       |       |    13 |       ||    13
       Held in net/web   |       |       |       |       |     4 |     1 ||     5
       Invisible         |       |       |       |       |     3 |     1 ||     4
       Petrifying        |       |       |       |       |     1 |       ||     1
Armor: Leather armour    |    20 |    33 |       |       |       |       ||    53
       Scale mail        |       |    58 |    54 |       |       |       ||   112
       Chain mail        |       |       |     2 |    19 |       |       ||    21
       Swamp dragon scal |       |       |       |    81 |   137 |       ||   218
       Troll leather arm |       |       |       |    54 |     9 |   165 ||   228
       Ring mail         |       |       |       |       |   183 |   360 ||   543
       Robe              |       |       |       |       |    12 |       ||    12
       Skin              |       |       |       |       |     1 |       ||     1
Dodge: Dodged            |    84 |   173 |    60 |   174 |   988 |  1750 ||  3229
Block: Buckler           |       |       |       |    42 |   235 |   189 ||   466

Table legend: (Time is in decaauts)
 A = Elapsed time spent in this place.
 B = Non-inter-level travel time spent in this place.
 C = Inter-level travel time spent in this place.
 D = Time resting spent in this place.
 E = Time spent auto-exploring this place.
 F = Levels seen in this place.
 G = Mean time per level.
                   A        B        C        D        E       F      G
               +--------+--------+--------+--------+--------+-----+--------+
         Total |  40368 |  38130 |   2238 |   6522 |  21375 |  31 | 1302.2 |
       Dungeon |  15752 |  14860 |    892 |   1394 |  10038 |  15 | 1050.1 |
          Lair |   9131 |   8573 |    558 |   1567 |   4954 |   5 | 1826.2 |
        Shoals |    228 |    215 |     13 |     21 |     72 |   1 |  228.0 |
   Spider Nest |  10497 |   9929 |    568 |   2578 |   4511 |   4 | 2624.2 |
  Orcish Mines |   2182 |   1978 |    204 |    186 |   1045 |   2 | 1091.0 |
         Sewer |   1061 |   1061 |      0 |    264 |    353 |   1 | 1061.0 |
      Ice Cave |    284 |    284 |      0 |    165 |      0 |   1 |  284.0 |
       Volcano |    433 |    433 |      0 |      0 |    217 |   1 |  433.0 |
      Gauntlet |    796 |    796 |      0 |    347 |    185 |   1 |  796.0 |
               +--------+--------+--------+--------+--------+-----+--------+

Top non-repeatable levels by time:
Spider:2: 5416 daAuts
  Lair:5: 2380 daAuts
Spider:1: 2247 daAuts
  Lair:3: 2139 daAuts
Spider:3: 2030 daAuts
  Lair:1: 1765 daAuts
  Lair:2: 1575 daAuts
    D:11: 1447 daAuts
     D:3: 1443 daAuts
    D:14: 1407 daAuts
   Orc:2: 1276 daAuts
  Lair:4: 1270 daAuts
    D:13: 1250 daAuts
     D:4: 1151 daAuts
     D:1: 1123 daAuts
